 Dungeon Crawl Stone Soup version 0.32-a0-656-g3542139ebd (webtiles) character file.

Game seed: 5732562947984987727

2730 juan097 the Prestidigitator (level 9, -5/108 HPs)
             Began as a Coglin Berserker on Mar 8, 2024.
             Was an Elder of Trog.
             Succumbed to orange demon's concentrated venom
             ... on level 8 of the Dungeon.
             The game lasted 00:17:37 (5227 turns).

juan097 the Prestidigitator (Coglin Berserker)      Turns: 5227, Time: 00:17:37

Health: -5/108     AC: 14    Str: 21    XL:     9   Next: 67%
Magic:  9/9        EV:  7    Int:  7    God:    Trog [****..]
Gold:   88         SH:  0    Dex: 14    Spells: 8/8 levels left

rFire   + . .        s - +3 hand axe (holy) {Kendra}
rCold   . . .        r - +0 morningstar {Ilooxy}
rNeg    . . .        y - +3 plate armour {rF+}
rPois   .            (no helmet)
rElec   .            (no cloak)
rCorr   .            (no gloves)
SInv    .            (no boots)
Will    .....        (amulet unavailable) Stlth
                     (ring unavailable)
HPRegen 0.38/turn    (ring unavailable)
MPRegen 0.11/turn    (no gizmo)

%: no passive effects
@: berserking (expiring), lethally poisoned (-5 -> -67), slowed, revved
A: off-hand wielding, slow wielding, warmup strikes, no jewellery
a: Invent Gizmo, Renounce Religion, Berserk, Trog's Hand, Brothers in Arms


You were on level 8 of the Dungeon.
You worshipped Trog.
Trog was greatly pleased with you.
You visited 1 branch of the dungeon, and saw 7 of its levels.
You also visited: Bailey.

You collected 297 gold pieces.
You spent 209 gold pieces at shops.

Inventory:

Hand Weapons
 n - a +0 war axe
 r - a +0 morningstar (offhand) {Ilooxy}
 s - a +3 hand axe of holy wrath (weapon) {Kendra}
 v - a +1 mace of venom {Ferran}
 C - a +2 vampiric halberd
Missiles
 t - 7 boomerangs (quivered)
Armour
 q - a +0 ring mail
 y - a +3 plate armour of fire resistance (worn)
 B - a +0 ring mail of willpower
Wands
 c - a wand of flame (20)
 p - a wand of paralysis (5)
Scrolls
 a - a scroll of immolation
 d - 3 scrolls of fear
 k - a scroll of silence
 l - a scroll of poison
 m - a scroll of teleportation
 o - 3 scrolls of blinking {unknown}
 u - a scroll of enchant armour {unknown}
 x - a scroll of revelation {unknown}
Potions
 b - 4 potions of heal wounds {unknown}
 e - 4 potions of curing {unknown}
 f - a potion of brilliance {unknown}
 h - 2 potions of ambrosia {unknown}
 i - a potion of resistance {unknown}
 j - 3 potions of lignification {unknown}
 w - a potion of cancellation {unknown}
 z - a potion of haste
 A - 2 potions of invisibility


   Skills:
 + Level 7.5 Fighting
 - Level 4.3(5.7) Axes
 - Level 5.3(6.0) Maces & Flails
 - Level 3.0 Armour
 - Level 3.0 Dodging
 - Level 4.0 Stealth
 - Level 8.0 Evocations


You had 8 spell levels left.
You didn't know any spells.
Your spell library was empty.

Dungeon Overview and Level Annotations

Branches:
Dungeon (8/15)               Lair (0/5) D:8          Bailey (visited)
 Temple: D:4-7

Altars:
Dithmenos
Uskayaw

Shops:
D:4 (   D:8 !

Annotations:
D:3 Grinder
D:5 Edmund


Innate Abilities, Weirdness & Mutations

You can wield a second weapon in your off-hand.
It takes a long time for you to wield or remove held weapons.
Your first few attacks do less damage.
You cannot equip rings or amulets.


Message History

You feel sick. The orange demon stings you from afar!
You are more poisoned.
You have difficulty breathing.
You feel yourself slow down. Amaemon closely misses you.
Amaemon barely misses you.
Amaemon tail-slaps you but does no damage.
You thump Amaemon with your +0 morningstar!
Amaemon is heavily wounded.
You slash Amaemon with your +3 hand axe of holy wrath!
Amaemon convulses.
You feel extremely sick. The orange demon stings you from afar.
Amaemon hits you but does no damage.
You are lethally poisoned!
Amaemon claws you but does no damage. Amaemon closely misses you.
You slash Amaemon with your +3 hand axe of holy wrath!
Amaemon convulses!
Amaemon is almost dead.
You closely miss Amaemon with your +0 morningstar.
You feel extremely sick. The orange demon barely misses you.
Amaemon closely misses you. Amaemon claws you but does no damage.
Amaemon tail-slaps you but does no damage.
You slash Amaemon with your +3 hand axe of holy wrath!
Amaemon convulses.
You kill Amaemon!
Trog accepts your kill.
Trog appreciates your killing of a magic user.
* * * LOW HITPOINT WARNING * * *
You feel extremely sick.
The orange demon stings you but does no damage.
The orange demon stings you from afar!
* * * LOW HITPOINT WARNING * * *
You are more poisoned.
You have difficulty breathing.
* * * LOW HITPOINT WARNING * * *
You feel as though you will be slow longer.
Training target 6.0 for Maces & Flails reached!
You need to enable at least one skill for training.
Your Fighting skill increases to level 7!
You are too berserk!
You die...

..# .. . #. ###....
### #.# .......
...#.## ###..)##
#.#.>### ##### .#.
#...... ....# ##.##
#...#### ###...
.....##..@4..#
#.....###..#
##....### .#
#.#....###
########..##.#...#
####........#
#..##..#
.......##### ##.##
..#
###..#.....#####..#
..
#.####......###.#


You could see an orange demon (curare).

Vanquished Creatures
  Amaemon (D:8)
  A gargoyle (Bailey)
  A vampire (Bailey)
  Eustachio (D:4)
  A sky beast (D:8)
  An orc warrior (D:8)
  An ice beast (D:8)
  2 phantoms
  Blork the orc (D:4)
  A bullfrog (D:8)
  2 killer bees (D:8)
  9 vampire bats (Bailey)
  6 wolf zombies (Bailey)
  A jelly (D:5)
  An orc priest (D:8)
  Ijyb (D:5)
  An orc wizard (D:3)
  Terence (D:3)
  3 adders
  6 gnolls
  A white imp (D:7)
  2 dart slugs (D:1)
  12 orcs
  7 ball pythons
  6 endoplasms
  4 giant cockroaches
  6 goblins
  A hobgoblin (D:2)
  6 jackals
  8 kobolds
  A quokka (D:4)
  9 bats
  3 frilled lizards
  24 orc zombies (Bailey)
  9 rats
141 creatures vanquished.

Notes
Turn   | Place    | Note
-------+----------+-------------------------------------------
     0 | D:1      | juan097 the Coglin Berserker began the quest for the Orb.
     0 | D:1      | Reached XP level 1. HP: 18/18 MP: 1/1
    68 | D:1      | Reached XP level 2. HP: 24/24 MP: 2/2
   287 | D:1      | Reached XP level 3. HP: 27/29 MP: 3/3
   310 | D:1      | Reached ** piety under Trog
   454 | D:1      | Reached skill level 1 in Stealth
   872 | D:2      | Found a faded altar of an unknown god.
  1080 | D:2      | Reached XP level 4. HP: 34/37 MP: 4/4
  1501 | D:3      | Found a shadowy altar of Dithmenos.
  1515 | D:3      | Noticed Grinder
  1716 | D:3      | Noticed Terence
  1730 | D:3      | Killed Terence
  1731 | D:3      | Reached XP level 5. HP: 38/42 MP: 5/5
  2571 | D:4      | Noticed Eustachio
  2591 | D:4      | Killed Eustachio
  2592 | D:4      | Reached skill level 1 in Maces & Flails
  2592 | D:4      | Reached XP level 6. HP: 25/50 MP: 6/6
  2601 | D:4      | Noticed Blork the orc
  2819 | D:4      | Reached skill level 5 in Fighting
  2938 | D:4      | Reached *** piety under Trog
  2956 | D:4      | Found Pammyhapt's Antique Weapon Shoppe.
  3137 | D:4      | Killed Blork the orc
  3138 | D:4      | Reached XP level 7. HP: 36/56 MP: 7/7
  3453 | D:5      | Entered Level 5 of the Dungeon
  3465 | D:5      | Noticed Edmund
  3593 | D:5      | Noticed Ijyb
  3599 | D:5      | Killed Ijyb
  3647 | D:5      | Found a hide-covered altar of Uskayaw.
  3884 | D:5      | You fall into a shaft and drop 3 floors!
  3906 | D:8      | Reached skill level 1 in Evocations
  3942 | D:8      | Found Zehisini's Distillery.
  4013 | D:8      | Bought a potion of haste for 110 gold pieces
  4013 | D:8      | Bought a potion of invisibility for 88 gold pieces
  4013 | D:8      | Bought a potion of degeneration for 11 gold pieces
  4025 | D:8      | Reached skill level 2 in Evocations
  4079 | D:8      | Reached skill level 3 in Evocations
  4079 | D:8      | Reached XP level 8. HP: 26/64 MP: 8/8
  4134 | D:8      | Found a flagged portal.
  4181 | D:8      | Reached skill level 4 in Evocations
  4219 | D:8      | Upgraded the game from 0.32-a0-643-ga006e7742e to
                  | 0.32-a0-656-g3542139ebd
  4275 | Bailey   | Entered a bailey
  4353 | Bailey   | Reached skill level 5 in Evocations
  4365 | Bailey   | Reached skill level 6 in Evocations
  4491 | Bailey   | Reached **** piety under Trog
  4625 | Bailey   | Reached XP level 9. HP: 69/69 MP: 9/9
  4664 | Bailey   | Noticed a gargoyle
  4673 | Bailey   | Killed a gargoyle
  4674 | Bailey   | Reached skill level 7 in Evocations
  4916 | Bailey   | Reached skill level 8 in Evocations
  5061 | D:8      | Reached skill level 5 in Maces & Flails
  5197 | D:8      | Found a staircase to the Lair.
  5218 | D:8      | Noticed Amaemon
  5219 | D:8      | Noticed an orange demon
  5226 | D:8      | Killed Amaemon
  5227 | D:8      | Succumbed to orange demon's concentrated venom

Illustrated notes

Levels and vault maps discovered:
D:1:      eino_arrival_water_cross, layout_basic
D:2:      layout_basic, basic_ecumenical_altar
D:3:      layout_basic, mainiacjoe_overflow_alcove_1, grunt_ministairs_10,
          chequers_serial_rivers_micro_a, minmay_misc_feat_plants, uniq_grinder,
          uniq_terence
D:4:      minmay_skewed_foursquare, layout_basic, serial_shops, shop,
          uniq_blork_the_orc, uniq_eustachio
D:5:      layout_basic, lemuel_coloured_pillars_altar,
          mainiacjoe_overflow_concentric_impassable, lemuel_temple_firewalk_b,
          uniq_ijyb, uniq_menkaure, uniq_edmund
D:7:      layout_basic, nicolae_hepliaklqana_monster_ancestors,
          chequers_serial_rivers_small_3,
          nicolae_concentric_dashed_squares_wild, corexii_checkpoint,
          uniq_joseph
D:8:      layout_rooms, lair_entry_dummy, serial_shops, shop, enter_bailey_2,
          item_on_display_a, uniq_pikel, uniq_amaemon, uniq_grum

Skill      XL: |  1  2  3  4  5  6  7  8  9 |
---------------+----------------------------+-----
Stealth        | 1 2 3 4 |  4.0
Fighting       | 4 5 6 7 |  7.5
Axes           | 4 |  4.3
Maces & Flails | 1 2 3 5 |  5.3
Evocations     | 3 6 8 |  8.0
Armour         | 3 |  3.0
Dodging        | 3 |  3.0

Action                     |  1- 3 |  4- 6 |  7- 9 || total
---------------------------+-------+-------+-------++-------
  Melee: Hand axe          |    92 |    40 |    91 ||   223
         Dagger            |    84 |     9 |       ||    93
         Morningstar       |       |    73 |   123 ||   196
         Mace              |       |    36 |    44 ||    80
  Throw: Boomerang         |       |     9 |    11 ||    20
         Dart              |       |       |     2 ||     2
 Invoke: Berserk           |       |     1 |     4 ||     5
         Trog's Hand       |       |     1 |     1 ||     2
  Evoke: Wand              |       |       |     1 ||     1
    Use: Scroll            |       |     6 |       ||     6
   Stab: Sleeping          |     2 |     1 |     3 ||     6
         Paralysed         |       |       |     7 ||     7
 Armour: Animal skin       |    57 |       |       ||    57
         Leather armour    |     1 |    23 |       ||    24
         Ring mail         |       |    53 |    83 ||   136
         Plate armour      |       |       |    51 ||    51
  Dodge: Dodged            |    74 |    80 |    96 ||   250

Table legend: (Time is in decaauts)
 A = Elapsed time spent in this place.
 B = Non-inter-level travel time spent in this place.
 C = Inter-level travel time spent in this place.
 D = Time resting spent in this place.
 E = Time spent auto-exploring this place.
 F = Levels seen in this place.
 G = Mean time per level.
                   A        B        C        D        E       F      G
               +--------+--------+--------+--------+--------+-----+--------+
         Total |   5328 |   5157 |    171 |    449 |   3177 |   8 |  666.0 |
       Dungeon |   4566 |   4395 |    171 |    192 |   3130 |   7 |  652.3 |
        Bailey |    762 |    762 |      0 |    256 |     47 |   1 |  762.0 |
               +--------+--------+--------+--------+--------+-----+--------+

Top non-repeatable levels by time:
     D:3: 1179 daAuts
     D:4: 921 daAuts
  Bailey: 762 daAuts
     D:1: 761 daAuts
     D:2: 632 daAuts
     D:8: 625 daAuts
     D:5: 435 daAuts
     D:7: 11 daAuts
